AoeStats
← 吐司_ARIES

Arabia

504035869Analyzed
3v3 RM · 28d ago on Sep 3, 2026· 14m 54s· 6 players
Game mode
Random Map
Map size
Normal (6 player)
Population
200
Speed
Normal
Resources
Standard
Victory
Conquest
Starting age
Dark Age
Ending age
Imperial Age
RankedLock teamsTeams togetherTeam positionsShared explorationLock speedFull tech treeHidden civsTurbo modeCheats
Victory
Defeat
🇹🇼 Malay · Taiwan
1127
+13
🇹🇼 Hindustanis · Taiwan
1113
+14
🇬🇧 Persians · United Kingdom
962
+21
🇲🇽 Burgundians · Mexico
1113
-18
🇲🇽 Berbers · Mexico
1078
-17
🇳🇱 Persians · Netherlands
1012
-13
ARGENPETES
1:22 Loom
11:53 Feudal Age
12:23 Double-Bit Axe
Becquer
6:58 Loom
9:50 Feudal Age
10:16 Double-Bit Axe
10:15 Horse Collar
Rivalli
0:27 Loom
11:34 Feudal Age
11:49 Horse Collar
11:55 Double-Bit Axe
Clockwise Haggis
5:29 Loom
11:32 Feudal Age
11:50 Horse Collar
11:59 Double-Bit Axe
吐司_ARIES
7:03 Loom
9:09 Feudal Age
8:45 Loom
9:48 Double-Bit Axe
10:26 Horse Collar
軍 團 兵 2 號
5:05 Loom
13:06 Feudal Age
17:30 Castle Age
Connection lost

Rejoining the realm…

Still unreachable

The connection could not be restored.

Session expired

The server has moved on; the page needs a fresh start.